 Dungeon Crawl Stone Soup version 0.23.1 (webtiles) character file.

Game seed: 12892687359629225924

3536 Fang the Fighter (level 10, -5/65 HPs)
             Began as a Gargoyle Berserker on Mar 19, 2019.
             Was a High Priest of Trog.
             Killed by divine providence
             ... invoked by an orc priest
              (12 damage)
             ... on level 8 of the Dungeon.
             The game lasted 00:08:26 (7590 turns).

Fang the Fighter (Gargoyle Berserker)               Turns: 7590, Time: 00:08:26

Health: -5/65      AC: 19    Str: 24    XL:     10   Next: 8%
Magic:  10/10      EV: 13    Int:  8    God:    Trog [*****.]
Gold:   224        SH:  0    Dex: 11    Spells: 9/9 levels left

rFire    + . .     SeeInvis +   g - +3 war axe
rCold    + . .     Gourm    .   (no shield)
rNeg     + . .     Faith    .   f - +4 scale mail of Guastija {rPois rF+ rC+ rCorr}
rPois    ∞         Spirit   .   (no helmet)
rElec    +         Reflect  .   E - scarf {cloud immunity}
rCorr    +         Harm     .   (no gloves)
MR       .....                  (no boots)
Stlth    ..........             (no amulet)
HPRegen  0.20/turn              m - +2 ring of dexterity
MPRegen  0.12/turn              j - ring of see invisible

@: no status effects
A: negative energy resistance 1, electricity resistance, unbreathing,
petrification resistance, rot immunity, AC +7
a: Berserk, Trog's Hand, Brothers in Arms, Renounce Religion


You were on level 8 of the Dungeon.
You worshipped Trog.
Trog was extremely pleased with you.
You were hungry.

You visited 2 branches of the dungeon, and saw 9 of its levels.
You also visited: Sewer and Ossuary.

You collected 224 gold pieces.

Inventory:

Hand Weapons
 g - a +3 war axe (weapon)
Missiles
 D - 2 javelins of returning (quivered)
Armour
 f - the +4 scale mail of Guastija (worn) {rPois rF+ rC+ rCorr}
   (You found it on level 7 of the Dungeon)

   It protects you from fire.
   It protects you from cold.
   It protects you from poison.
   It provides partial protection from all sources of acid and corrosion.
 n - a +1 chain mail
 E - a scarf of cloud immunity (worn)
Jewellery
 j - a ring of see invisible (right hand)
 m - a +2 ring of dexterity (left hand)
 s - an uncursed ring of positive energy
Wands
 q - a wand of flame (22)
 x - a wand of random effects (9)
 z - a wand of paralysis (21)
 F - a wand of disintegration (7)
Scrolls
 d - 7 scrolls of remove curse
 k - 5 scrolls of teleportation
 o - 4 scrolls of fear
 t - a scroll of enchant armour
 u - a scroll of blinking
 y - 5 scrolls of fog
 A - a scroll of noise {unknown}
 B - 2 scrolls of magic mapping
Potions
 a - 2 potions of berserk rage {unknown}
 b - a potion of mutation
 e - 6 potions of brilliance
 h - 10 potions of curing
 i - 4 potions of agility
 l - 5 potions of flight
 p - a potion of invisibility {unknown}
 r - 4 potions of magic
 v - 3 potions of might {unknown}
 w - 5 potions of heal wounds {unknown}
 C - 4 potions of haste {unknown}
 H - 2 potions of degeneration {unknown}
Comestibles
 c - 17 rations


   Skills:
 + Level 8.4 Fighting
 + Level 7.0 Axes
 + Level 8.0 Armour
 + Level 6.0 Dodging


You had 9 spell levels left.
You didn't know any spells.
Your spell library was empty.

Dungeon Overview and Level Annotations

Branches:
Dungeon (8/15)             Temple (1/1) D:5
   Lair: D:8-11

Altars:
Dithmenos
Elyvilon
Gozag

Shops:
D:5 ?   D:6 *


Innate Abilities, Weirdness & Mutations

You are resistant to torment.
Your stone body is resilient. (AC +7)
You are immune to poison.
You resist negative energy. (rN+)
You are resistant to electric shocks. (rElec)
You can survive without breathing.
You are immune to petrification.
You are immune to rotting.


Message History

You kill the orc warrior!
Trog accepts your kill.
Your Armour skill increases to level 8!
You closely miss the orc wizard.
The orc priest mumbles some strange prayers to Beogh against you.
Beogh smites you!
The orc wizard gestures wildly while chanting.
The orc wizard blinks!
The orc priest calls down the wrath of Beogh upon you.
Beogh smites you!
* * * LOW HITPOINT WARNING * * *
You are too injured to fight recklessly!
You are too injured to fight recklessly!
You are too injured to fight recklessly!
You are too injured to fight recklessly!
The orc wizard casts a spell.
The orc wizard blinks!
The orc priest mumbles some strange prayers to Beogh against you.
Beogh smites you!
You die...

##.# ................
..(##............... ##
..§..#............. ...
....#............. ....
#...#.............
.....##..#..............
.......).#..†...........
.......@....†...†)......
......o)§......)..####..
..[..o...........##.##..
#...........#...........
#...#............##.....
##.##.............# #...
#.. #####........## #..
#. #........#####..
#.........#.....


You could see an orc priest and an orc.

Vanquished Creatures
  Grinder (D:2)
  A hippogriff (D:7)
  A wraith (Ossuary)
  Edmund (D:5)
  Duvessa (D:5)
  A water moccasin (D:8)
  2 sky beasts
  2 orc warriors
  A black bear (D:7)
  An ice beast (D:7)
  A phantom (D:5)
  A centaur (D:6)
  2 ogres
  3 bullfrogs
  A wyvern zombie (D:8)
  Dowan (D:5)
  A water moccasin skeleton (D:4)
  A scorpion (D:3)
  A howler monkey (D:4)
  3 crimson imps
  2 bullfrog skeletons
  5 hounds
  5 orc priests
  A centaur skeleton (D:5)
  Ijyb (D:3)
  Terence (D:2)
  6 orc wizards
  3 worker ants
  A hound zombie (D:5)
  2 hound skeletons
  3 mummies (Ossuary)
  A worker ant zombie (D:6)
  5 gnolls
  A howler monkey zombie (D:5)
  16 adders
  9 river rats
  4 shadow imps
  3 adder skeletons
  3 worms
  32 orcs
  A giant cockroach (D:5)
  6 goblins
  6 hobgoblins
  9 jackals
  8 kobolds
  3 quokkas
  14 ball pythons
  11 bats
  8 frilled lizards
  A gnoll zombie (Ossuary)
  2 goblin zombies (Ossuary)
  A hobgoblin zombie (Ossuary)
  5 kobold zombies (Ossuary)
  A leopard gecko skeleton (D:4)
  A quokka skeleton (D:4)
  29 rats
237 creatures vanquished.

Vanquished Creatures (others)
  A rat (D:3)
1 creature vanquished.

Grand Total: 238 creatures vanquished

Notes
Turn   | Place    | Note
-------+----------+-------------------------------------------
     0 | D:1      | Fang the Gargoyle Berserker began the quest for the Orb.
     0 | D:1      | Reached XP level 1. HP: 14/14 MP: 1/1
    23 | D:1      | Reached XP level 2. HP: 11/19 MP: 2/2
   645 | D:1      | Reached XP level 3. HP: 23/23 MP: 3/3
   838 | D:2      | Reached XP level 4. HP: 20/29 MP: 4/4
  1332 | D:2      | Noticed Terence
  1346 | D:2      | Killed Terence
  1515 | D:2      | Found a shadowy altar of Dithmenos.
  1515 | D:2      | Found an opulent altar of Gozag.
  1562 | D:2      | Reached XP level 5. HP: 25/33 MP: 5/5
  1811 | D:3      | Noticed Grinder
  1822 | D:3      | Paralysed by Grinder for 7 turns
  2089 | D:2      | Paralysed by Grinder for 6 turns
  2098 | D:2      | Killed Grinder
  2098 | D:2      | Reached XP level 6. HP: 40/40 MP: 6/6
  2167 | D:3      | Noticed Ijyb
  2175 | D:3      | Killed Ijyb
  2422 | D:3      | Reached ** piety under Trog
  2582 | D:3      | Reached skill level 5 in Fighting
  2582 | D:3      | Reached XP level 7. HP: 44/44 MP: 7/7
  2661 | D:3      | Found a white marble altar of Elyvilon.
  3096 | D:4      | Reached *** piety under Trog
  3273 | D:4      | Reached skill level 5 in Armour
  3471 | D:4      | Found a glowing drain.
  3478 | Sewer    | Entered a sewer
  3757 | Sewer    | Reached XP level 8. HP: 51/51 MP: 8/8
  3758 | Sewer    | Reached **** piety under Trog
  3856 | Sewer    | Reached skill level 5 in Axes
  4366 | D:5      | Entered Level 5 of the Dungeon
  4396 | D:5      | Found a staircase to the Ecumenical Temple.
  4449 | D:5      | Found Wecwaepu's Magic Scroll Emporium.
  4676 | D:5      | Noticed Dowan
  4683 | D:5      | Noticed Duvessa
  4696 | D:5      | Killed Duvessa
  4699 | D:5      | Killed Dowan
  4967 | D:5      | Found a sand-covered staircase.
  4974 | Ossuary  | Entered an ossuary
  4974 | Ossuary  | Noticed a wraith
  4974 | Ossuary  | Noticed a wraith
  4974 | Ossuary  | Noticed a wraith
  5085 | Ossuary  | Received a gift from Trog
  5281 | Ossuary  | Noticed a wraith
  5297 | Ossuary  | Killed a wraith
  5297 | Ossuary  | Reached XP level 9. HP: 43/56 MP: 9/9
  5482 | Temple   | Entered the Ecumenical Temple
  5534 | D:5      | Noticed Edmund
  5545 | D:5      | Killed Edmund
  5545 | D:5      | Reached skill level 5 in Dodging
  6008 | D:6      | Found Ledaff's Assorted Antiques.
  6154 | D:6      | Reached ***** piety under Trog
  6499 | D:7      | Got a scorched scale mail
  6519 | D:7      | Identified the +4 scale mail of Guastija {rPois rF+ rC+
                  | rCorr} (You found it on level 7 of the Dungeon)
  7263 | D:8      | HP: 1/59 [hound (2)]
  7506 | D:8      | Reached XP level 10. HP: 49/64 MP: 10/10
  7590 | D:8      | Killed from afar by an orc priest

Skill      XL: |  1  2  3  4  5  6  7  8  9 10 |
---------------+-------------------------------+-----
Axes           | 3 4 5 6 7 |  7.0
Dodging        | 2 3 4 5 6 |  6.0
Armour         | 3 4 5 6 7 8 |  8.0
Fighting       | 4 5 6 8 |  8.4

Action                   |  1- 3 |  4- 6 |  7- 9 | 10-12 || total
-------------------------+-------+-------+-------+-------++-------
Melee: Hand axe          |    46 |     5 |       |       ||    51
       War axe           |       |   134 |   615 |    35 ||   784
Invok: Berserk           |     1 |     2 |     6 |       ||     9
  Use: Scroll            |       |       |    20 |       ||    20
       Potion            |       |       |     1 |       ||     1
 Stab: Sleeping          |     1 |       |       |       ||     1
  Eat: Chunk             |     1 |     7 |    20 |       ||    28
       Ration            |       |       |     1 |       ||     1
Armor: Animal skin       |    24 |     5 |       |       ||    29
       Chain mail        |       |    73 |   422 |       ||   495
       Scale mail        |       |       |    58 |    19 ||    77
Dodge: Dodged            |    40 |    85 |   390 |    33 ||   548
